AoeStats
← TIMVP

Arabia

509648601Analyzed
1v1 RM · 4d ago on Sep 27, 2026· 21m 22s· 2 players
Game mode
Random Map
Map size
Tiny (2 player)
Population
200
Speed
Normal
Resources
Standard
Victory
Conquest
Starting age
Dark Age
Ending age
Imperial Age
RankedLock teamsTeams togetherTeam positionsShared explorationLock speedFull tech treeHidden civsTurbo modeCheats
Victory
Defeat
🇫🇷 Portuguese · France
553
+14
🇵🇪 Dravidians · Peru
500
-14
TIMVP
2:47 Loom
12:30 Feudal Age
13:53 Wheelbarrow
13:06 Double-Bit Axe
13:16 Horse Collar
15:48 Stone Mining
17:40 Gold Mining
17:44 Stone Mining
18:12 Man-at-Arms
18:27 Man-at-Arms
21:35 Castle Age
21:10 Man-at-Arms
Xplorer
9:50 Loom
11:36 Feudal Age
12:11 Man-at-Arms
13:23 Double-Bit Axe
16:33 Scale Mail Armor
19:46 Horse Collar
Connection lost

Rejoining the realm…

Still unreachable

The connection could not be restored.

Session expired

The server has moved on; the page needs a fresh start.